 Dungeon Crawl Stone Soup version 0.30-a0-458-g86641cc369 (webtiles) character file.

Game seed: 4808634784390296441

11062 kae the Jinx (level 11, -4/84 HPs)
             Began as a Spriggan Enchanter on Dec 14, 2022.
             Was a Believer of Dithmenos.
             Slain by a polar bear simulacrum (14 damage)
             ... in an ice cave.
             The game lasted 00:17:25 (11272 turns).

kae the Jinx (Spriggan Enchanter)                  Turns: 11272, Time: 00:17:25

Health: -4/84      AC:  6    Str:  6    XL:     11   Next: 44%
Magic:  23/24      EV: 22    Int: 19    God:    Dithmenos [**....]
Gold:   1215       SH:  0    Dex: 16    Spells: 15/26 levels left

rFire   . . .      SeeInvis +    k - +1 dagger (speed)
rCold   . . .      Faith    .    (no shield)
rNeg    . . .      Spirit   .    H - +0 steam dragon scales
rPois   .          Reflect  .    (helmet restricted)
rElec   .          Harm     .    s - +0 cloak
rCorr   +          Rampage  .    (gloves unavailable)
Will    ++...                    (boots unavailable)
Stlth   ..........               q - amulet of magic regeneration
HPRegen 0.34/turn                R - ring of resist corrosion
MPRegen 0.59/turn                u - ring of willpower

@: berserking, wreathed by umbra, very quick
A: very small, no large weapons, unfitting armour, see invisible, speed 3
a: Renounce Religion, Shadow Step


You were in an ice cave.
You worshipped Dithmenos.
Dithmenos was pleased with you.
You visited 2 branches of the dungeon, and saw 12 of its levels.
You also visited: Bailey and Ice Cave.

You collected 1215 gold pieces.


Innate Abilities, Weirdness & Mutations

You are very small and have problems with some larger weapons.
You are too small for most types of armour.
You have supernaturally acute eyesight. (SInv)
You cover ground extremely quickly. (Speed+++)


   Skills:
 + Level 5.3 Fighting
 * Level 10.1 Short Blades
 + Level 8.8 Dodging
 + Level 10.8 Stealth
 + Level 8.1 Spellcasting
 * Level 11.7 Hexes


You had 15 spell levels left.
You knew the following spells:

 Your Spells              Type           Power      Damage    Failure   Level
a - Ensorcelled Hibernat  Hex/Ice        58%        N/A       1%          2
b - Confusing Touch       Hex            51%        N/A       1%          3
c - Tukima's Dance        Hex            51%        N/A       1%          3
d - Dazzling Flash        Conj/Hex       58%        N/A       2%          3

Your spell library contained the following spells:

 Spells                   Type           Power      Damage    Failure   Level
 Beastly Appendage        Tmut           14%        N/A       9%          1
 Freeze                   Ice            28%        1d5       9%          1
 Sublimation of Blood     Necr           7%         N/A       14%         2
 Wereblood                Tmut           7%         N/A       14%         2
 Frozen Ramparts          Ice            14%        1d3       26%         3
 Hailstorm                Conj/Ice       7%         3d4       26%         3
 Ozocubu's Armour         Ice            7%         N/A       26%         3
 Spider Form              Tmut/Pois      7%         N/A       26%         3
 Petrify                  Tmut/Erth      7%         N/A       65%         4
 Irradiate                Conj/Tmut      3%         3d12      94%         5
 Ozocubu's Refrigeration  Ice            3%         4d8       100%        7

Inventory:

Hand Weapons
 a - a +1 dagger of protection
 k - a +1 dagger of speed (weapon)
   (You took it off a goblin on level 1 of the Dungeon)
Missiles
 f - 14 poisoned darts
 h - 65 stones (quivered)
 E - 23 boomerangs
 K - 3 curare-tipped darts {=f}
Armour
 b - a +0 robe
 s - a +0 cloak (worn)
   (You took it off Crazy Yiuf on level 2 of the Dungeon)
 H - +0 steam dragon scales (worn)
   (You found it on level 8 of the Dungeon)
 I - a +1 robe of the Archmagi
   (You took it off Psyche on level 11 of the Dungeon)
Magical Staves
 z - a staff of earth {!a}
   (You found it on level 7 of the Dungeon)
 J - a staff of air {!a}
   (You found it on level 9 of the Dungeon)
Jewellery
 q - an amulet of magic regeneration (around neck)
   (You found it on level 2 of the Dungeon)
 u - a ring of willpower (right hand)
   (You found it on level 4 of the Dungeon)
 D - a +6 ring of dexterity
   (You found it on level 4 of the Dungeon)
 L - a ring of flight
   (You found it on level 8 of the Dungeon)
 R - a ring of resist corrosion (left hand)
   (You found it on level 3 of the Dungeon)
 W - a ring of magical power
   (You found it on level 8 of the Dungeon)
Wands
 o - a wand of roots (28)
   (You found it on level 7 of the Dungeon)
 r - a wand of flame (33)
   (You found it on level 4 of the Dungeon)
 y - a wand of acid (15)
   (You took it off Ijyb on level 5 of the Dungeon)
 C - a wand of digging (13)
   (You found it on level 7 of the Dungeon)
Scrolls
 n - 3 scrolls of teleportation {@r4}
 t - a scroll of brand weapon
 v - 2 scrolls of fear
 w - 2 scrolls of blinking {!r}
 F - a scroll of enchant weapon
 G - a scroll of immolation {!r!r}
 M - a scroll of vulnerability {!r!r}
 N - a scroll of torment {!r}
Potions
 c - 4 potions of invisibility
 d - a potion of cancellation
 e - 3 potions of haste {@q3}
 g - 2 potions of berserk rage {!q}
 i - 6 potions of curing {@q1}
 j - 3 potions of mutation {!q}
 l - a potion of brilliance
 m - 6 potions of flight
 p - 2 potions of magic
 x - 2 potions of attraction {!q}
 A - 2 potions of degeneration {!q}
 B - 2 potions of heal wounds {@q2}
 O - 2 potions of lignification {!q}

Dungeon Overview and Level Annotations

Branches:
Dungeon (11/15) Zot: 26602  Temple (1/1) D:5 Zot: 5875    Lair (0/5) D:9
    Orc (0/2) D:9          Bailey (visited)           IceCv (1/1) Zot: 5888

Altars:
Ashenzari
Cheibriados
Dithmenos
Elyvilon
Fedhas
Gozag
Hepliaklqana
Kikubaaqudgha
Makhleb
Nemelex Xobeh
Okawaru
Qazlal
Ru
Sif Muna
Trog
Uskayaw
Vehumet
Wu Jian
Xom
Yredelemnul
Zin
The Shining One

Shops:
D:2 :   D:6 =

Annotations:
D:11 3 runed translucent doors, Stoves66's ghost, journeyman DrMo; gruber's ghost, journeyman DsIE IceCv exclusion: 2 ice statues

##...#
#...##
#...##
##...#
##...##
##.....##
#...∩...#
#...ZY..#
##..@..##
##...##
#####


You could see an ice beast (summoned, confused) and a polar bear simulacrum.


Message History

😮 MP[+1]
You barely miss the ice devil. The ice devil closely misses you.
You barely miss the ice devil. You barely miss the ice devil. 😮 HP[+1]
You completely miss the ice devil. 😮 MP[+1]
You hit the ice devil. The ice devil closely misses you.
You hit the ice devil but do no damage. You hit the ice devil.
You barely miss the ice devil. 😮 MP[+1]
You hit the ice devil but do no damage.
You catch the helpless ice devil completely off-guard!
You impale the ice devil!! You barely miss the ice devil.
The ice devil barely misses you. 😮 HP[+1]
You hit the ice devil but do no damage.
You hit the ice devil but do no damage. 😮 MP[+1]
You hit the ice devil but do no damage. The ice devil closely misses you.
You hit the ice devil but do no damage.
You punch the ice devil, but do no damage.
You strike the helpless ice devil from behind!
You impale the ice devil!!
You kill the ice devil!
Dithmenos accepts your kill. 😮 MP[+1]
You start resting. 😮 HP[+1] MP[+2]
Your mp is fully restored (24). 😮 HP[+1]
You start resting. 😕 HP[+6]
You regained 6 hp, and now have 47/56 hp.
There is an ice covered gate leading back out of this place here.
You start resting. 😎 HP[+9]
Your hp is fully restored (56).
A wolf simulacrum and a polar bear simulacrum come into view.
There are monsters nearby!
There are monsters nearby! 2 ice statues come into view.
The ice statue gestures.
Marking area around 2 ice statues as unsafe for travelling.
The ice beast hits you. The ice beast freezes you! 😕 HP[-10]
You take 10 damage, and now have 46/56 hp.
You hit the ice beast but do no damage. You hit the ice beast but do no damage.
The ice beast barely misses you.
You barely miss the ice beast. You hit the ice beast but do no damage.
You closely miss the ice beast. The ice beast misses you.
You barely miss the ice beast. 😕 HP[+1]
You hit the ice beast. You hit the ice beast but do no damage.
You hit the ice beast but do no damage. The ice beast closely misses you.
You barely miss the ice beast. You hit the ice beast but do no damage.
The polar bear simulacrum bites you. The polar bear simulacrum freezes you!
* * * LOW HITPOINT WARNING * * *
The polar bear simulacrum claws you but does no damage.
The polar bear simulacrum claws you.
* * * LOW HITPOINT WARNING * * *
The polar bear simulacrum freezes you!
* * * LOW HITPOINT WARNING * * *
You are too injured to fight recklessly! 😨 HP[-28]
You take 28 damage, and now have 19/56 hp.
MASSIVE DAMAGE!! (PAUSE)
You hit the polar bear simulacrum but do no damage.
The ice beast misses you.
You hit the polar bear simulacrum but do no damage. 😨 HP[+1]
Okay, then.
There is an ice covered gate leading back out of this place here.
There is an ice choked empty arch of ancient stone here. 😨 HP[+1]
Casting: Confusing Touch (safe; 1% risk of failure)
Confirm with . or Enter, or press ? or * to list all spells.
Your hands begin to glow red. 😨 MP[-2]
You lost 2 mp, and now have 22/24 mp.
Really quaff
g - 3 potions of berserk rage {!q}?
A red film seems to cover your vision as you go berserk!
You feel yourself moving faster!
You feel mighty! 😨 HP[+11] MP[+1]
You now have 84 max hp (+28).
You regained 11 hp, and now have 32/84 hp.
You hit the ice beast but do no damage.
The ice beast appears confused.
You hit the polar bear simulacrum. The polar bear simulacrum bites you.
* * * LOW HITPOINT WARNING * * *
The polar bear simulacrum freezes you!!
* * * LOW HITPOINT WARNING * * *
The polar bear simulacrum closely misses you.
The polar bear simulacrum claws you.
* * * LOW HITPOINT WARNING * * *
The polar bear simulacrum freezes you!
You die...

Skill      XL: |  1  2  3  4  5  6  7  8  9 10 11 |
---------------+----------------------------------+-----
Dodging        | 3 4 5 7 8 |  8.8
Hexes          | 4 5 6 8 9 11 | 11.7
Short Blades   | 2 3 4 5 6 8 9 10 | 10.1
Spellcasting   | 3 4 5 6 7 8 |  8.1
Fighting       | 1 2 3 4 5 |  5.3
Stealth        | 5 6 7 9 10 | 10.8

Action                   |  1- 3 |  4- 6 |  7- 9 | 10-12 || total
-------------------------+-------+-------+-------+-------++-------
Melee: Dagger            |    92 |   122 |   179 |   334 ||   727
       Punch             |       |     1 |     2 |     2 ||     5
 Cast: Ensorcelled Hiber |    27 |    41 |    61 |    77 ||   206
       Confusing Touch   |       |     4 |     5 |    19 ||    28
Evoke: Wand              |       |       |       |     2 ||     2
  Use: Scroll            |     3 |     9 |     9 |     2 ||    23
       Potion            |       |     1 |       |     3 ||     4
 Stab: Sleeping          |    20 |    23 |    52 |    56 ||   151
       Confused          |       |     5 |     5 |    21 ||    31
       Distracted        |       |       |       |     1 ||     1
Armor: Robe              |     8 |    15 |     6 |       ||    29
       Steam dragon scal |       |       |       |    24 ||    24
Dodge: Dodged            |    54 |   109 |   103 |   220 ||   486

Levels and vault maps discovered:
D:1:      matt_arrival_diagonals, layout_rooms
D:2:      layout_basic, chequers_ecumenical_altar_lobes, serial_shops,
          nicolae_shop_crystal, uniq_crazy_yiuf_cottage
D:3:      layout_rooms, lemuel_doored_altar,
          mainiacjoe_overflow_six_doors_small, overflow_temple_1_default,
          nzn_overflow_gifts_of_might_and_magic, serial_shops, shop
D:4:      layout_rooms
D:5:      layout_rooms, temple_fountains, uniq_ijyb
D:6:      layout_layer_cave, serial_shops, nicolae_stop_n_shop_1, uniq_edmund
D:7:      layout_loops_corners, minmay_misc_feat_square,
          chequers_serial_rivers_large_a, uniq_maggie
D:8:      layout_rooms, mainiacjoe_overflow_surrounded_room,
          nicolae_overflow_crystal_walls, nicolae_overflow_hidden_temple
D:9:      layout_basic, old_standard_altar, lair_entry_dummy, orc_0_dummy,
          enter_bailey_2, grunt_ministairs_8, abandoned_shop
D:10:     layout_long_grid, dancing_weapons_uskayaw, xom_teletrap_fun,
          yredelemnul_altar_generic
D:11:     kennysheep_blocky_hall, layout_cave_pods,
          portal_ice_cave_entry_ice_simulacra, gammafunk_ghost_cemetery,
          dk_noncrumbling_3, uniq_psyche, uniq_maurice
Temple:   nicolae_temple_ecumenical_triangle
IceCv:    ice_cave_tombish

Notes
Turn   | Place    | Note
-------+----------+-------------------------------------------
     0 | D:1      | kae the Spriggan Enchanter began the quest for the Orb.
     0 | D:1      | Reached XP level 1. HP: 9/9 MP: 5/5
     0 | D:1      | magus.rc [v1.11.3]
    31 | D:1      | HP: 2/9 [hobgoblin (1)]
    94 | D:1      | HP: 2/9 [goblin/+0 club (4)]
   228 | D:1      | Reached XP level 2. HP: 13/13 MP: 6/6
   280 | D:1      | Learned a level 2 spell: Ensorcelled Hibernation
   507 | D:1      | Reached skill level 3 in Dodging
   683 | D:1      | Reached skill level 4 in Hexes
   777 | D:2      | Found Otaxkenno's Book Emporium.
   790 | D:2      | Reached XP level 3. HP: 14/17 MP: 0/8
   880 | D:2      | You pick up a book of Changes and begin reading...
   880 | D:2      | You add the spells Beastly Appendage, Wereblood and Spider
                  | Form to your library.
   897 | D:2      | Found a faded altar of an unknown god.
  1416 | D:2      | Reached skill level 2 in Short Blades
  1416 | D:2      | Reached skill level 3 in Spellcasting
  1839 | D:2      | Found a runed translucent door.
  1840 | D:2      | Noticed Crazy Yiuf
  1845 | D:2      | Killed Crazy Yiuf
  1846 | D:2      | Reached skill level 1 in Fighting
  1846 | D:2      | Reached XP level 4. HP: 22/22 MP: 6/9
  2110 | D:3      | Found a shimmering blue altar of Sif Muna.
  2145 | D:2      | Learned a level 3 spell: Confusing Touch
  2149 | D:2      | Learned a level 3 spell: Tukima's Dance
  2271 | D:3      | Reached skill level 5 in Stealth
  2301 | D:3      | Got Sif Muna's Almanac of Graupel
  2432 | D:3      | HP: 4/22 [gnoll/+2 mace (8)]
  2437 | D:3      | HP: 4/22 [bat (1)]
  2540 | D:3      | Found a bloodstained altar of Trog.
  2645 | D:3      | Found Cacid's Distillery.
  2734 | D:3      | You pick up a book of Alchemy and begin reading...
  2734 | D:3      | You add the spells Sublimation of Blood, Petrify and
                  | Irradiate to your library.
  2749 | D:3      | Noticed a black bear
  2798 | D:3      | Killed a black bear
  2799 | D:3      | Reached skill level 3 in Short Blades
  2799 | D:3      | Reached skill level 5 in Hexes
  2799 | D:3      | Reached XP level 5. HP: 22/25 MP: 7/11
  2832 | D:3      | Found a glowing silver altar of Zin.
  2988 | D:3      | Found a white marble altar of Elyvilon.
  3053 | D:3      | Found a burning altar of Makhleb.
  3343 | D:4      | Reached skill level 4 in Dodging
  3343 | D:4      | Reached XP level 6. HP: 18/30 MP: 5/12
  3824 | D:5      | Entered Level 5 of the Dungeon
  3829 | D:5      | Found a staircase to the Ecumenical Temple.
  3853 | Temple   | Entered the Ecumenical Temple
  3932 | Temple   | HP: 4/30 [phantom (7)]
  3946 | Temple   | Reached skill level 4 in Short Blades
  3946 | Temple   | Reached XP level 7. HP: 20/34 MP: 8/13
  4013 | D:5      | Reached skill level 2 in Fighting
  4013 | D:5      | Reached skill level 4 in Spellcasting
  4019 | D:5      | Reached skill level 6 in Stealth
  4129 | D:5      | Reached skill level 6 in Hexes
  4216 | D:5      | Noticed Ijyb
  4223 | D:5      | Killed Ijyb
  4493 | D:5      | Learned a level 3 spell: Dazzling Flash
  4532 | D:6      | Found Ynexin's Jewellery Boutique.
  4560 | D:6      | Reached skill level 5 in Dodging
  4764 | D:6      | Reached skill level 5 in Short Blades
  4766 | D:6      | Reached XP level 8. HP: 39/39 MP: 11/15
  4979 | D:6      | You add the spells Ozocubu's Armour and Ozocubu's
                  | Refrigeration to your library.
  5007 | D:6      | Noticed Edmund
  5023 | D:6      | magus.rc [v1.11.3]
  5032 | D:6      | Killed Edmund
  5033 | D:6      | Reached skill level 7 in Hexes
  5444 | D:7      | Noticed Maggie
  5448 | D:6      | Reached skill level 7 in Stealth
  5448 | D:6      | Reached skill level 5 in Spellcasting
  5694 | D:7      | HP: 7/39 [Maggie/bolt of fire (24)]
  5702 | D:7      | Killed Maggie
  5703 | D:7      | Reached skill level 3 in Fighting
  5703 | D:7      | Reached skill level 6 in Short Blades
  6047 | D:7      | Reached skill level 8 in Hexes
  6400 | D:7      | Reached XP level 9. HP: 44/44 MP: 15/18
  6732 | D:8      | Reached skill level 6 in Dodging
  6829 | D:8      | Found an ornate altar of the Wu Jian Council.
  6859 | D:8      | Reached skill level 8 in Stealth
  6864 | D:8      | Reached skill level 7 in Short Blades
  6867 | D:8      | Reached skill level 6 in Spellcasting
  7046 | D:8      | Found a stormy altar of Qazlal.
  7121 | D:8      | Noticed a two-headed ogre
  7127 | D:8      | Killed a two-headed ogre
  7128 | D:8      | Reached skill level 4 in Fighting
  7128 | D:8      | Reached skill level 9 in Hexes
  7146 | D:8      | Found a blossoming altar of Fedhas.
  7146 | D:8      | Found a shadowy altar of Dithmenos.
  7147 | D:8      | Found a sacrificial altar of Ru.
  7227 | D:8      | Reached skill level 7 in Dodging
  7404 | D:9      | Noticed a two-headed ogre
  7410 | D:9      | Killed a two-headed ogre
  7411 | D:9      | Reached skill level 8 in Short Blades
  7411 | D:9      | Reached skill level 9 in Stealth
  7411 | D:9      | Reached XP level 10. HP: 50/50 MP: 18/21
  7427 | D:9      | Noticed a two-headed ogre
  7447 | D:9      | Killed a two-headed ogre
  7448 | D:9      | Reached skill level 10 in Hexes
  7486 | D:9      | Found a snail-covered altar of Cheibriados.
  7548 | D:8      | Became a worshipper of Dithmenos the Shadowed
  7576 | D:9      | Found a staircase to the Orcish Mines.
  7636 | D:9      | Found a flagged portal.
  7648 | Bailey   | Entered a bailey
  7777 | Bailey   | Noticed an orc knight
  7951 | Bailey   | Killed an orc knight
  7952 | Bailey   | Reached skill level 7 in Spellcasting
  8443 | D:9      | Identified the +9 hand axe "Kyuzed" {flame, Int+6 Dex-4
                  | Stlth+}
  8629 | D:9      | Reached * piety under Dithmenos
  8904 | D:9      | Found a staircase to the Lair.
  9645 | D:10     | Entered Level 10 of the Dungeon
  9645 | D:10     | Noticed a +0 hand axe
  9645 | D:10     | Noticed a +0 dagger
  9645 | D:10     | Found a hide-covered altar of Uskayaw.
  9666 | D:10     | Found a basalt altar of Yredelemnul.
  9861 | D:10     | Reached skill level 9 in Short Blades
  9899 | D:10     | Reached skill level 8 in Dodging
 10091 | D:10     | Reached skill level 10 in Stealth
 10362 | D:10     | Found a shimmering altar of Xom.
 10523 | D:11     | Noticed Maurice
 10524 | D:11     | Found a runed translucent gate.
 10524 | D:11     | Found a runed translucent gate.
 10524 | D:11     | Found a runed translucent gate.
 10532 | D:11     | Killed Maurice
 10533 | D:11     | Reached skill level 11 in Hexes
 10533 | D:11     | Reached XP level 11. HP: 54/54 MP: 23/23
 10541 | D:11     | Reached skill level 5 in Fighting
 10577 | D:11     | Noticed gruber's ghost (journeyman DsIE)
 10577 | D:11     | Noticed Stoves66's ghost (journeyman DrMo)
 10814 | D:11     | Identified a +1 robe of the Archmagi
 10814 | D:11     | Noticed Psyche
 10829 | D:11     | Killed Psyche
 10850 | D:11     | Noticed a boulder beetle
 10855 | D:11     | Killed a boulder beetle
 10855 | D:11     | Reached ** piety under Dithmenos
 10885 | D:11     | Reached skill level 8 in Spellcasting
 10997 | D:11     | Reached skill level 10 in Short Blades
 11019 | D:11     | You pick up a book of Frost and begin reading...
 11019 | D:11     | You add the spells Frozen Ramparts and Hailstorm to your
                  | library.
 11041 | D:11     | Found a frozen archway.
 11116 | IceCv    | Entered an ice cave
 11272 | IceCv    | HP: 11/84 [polar bear simulacrum (18)]
 11272 | IceCv    | Slain by a polar bear simulacrum

Vanquished Creatures
  3 two-headed ogres
  A boulder beetle (D:11)
  An orc knight (Bailey)
  A cyclops (D:11)
  Maurice (D:11)
  Maggie (D:7)
  An unseen horror (D:11)
  Psyche (D:11)
  An ice devil (IceCv)
  2 trolls (D:11)
  4 wraiths
  A shadow (D:11)
  2 wyverns
  10 yaks
  A steam dragon (D:8)
  Edmund (D:6)
  A water moccasin (D:6)
  4 orc warriors
  A sky beast (D:6)
  A black bear (D:3)
  3 centaurs
  2 phantoms
  A kobold brigand (D:9)
  A gnoll sergeant (D:9)
  5 scorpions
  3 bullfrogs
  3 two-headed ogre simulacra (D:11)
  3 wights (D:9)
  9 killer bees
  6 howler monkeys
  A hound (D:6)
  Crazy Yiuf (D:2)
  3 jellies
  5 orc priests
  5 iguanas
  Ijyb (D:5)
  A troll simulacrum (D:11)
  5 orc wizards
  A spriggan simulacrum (IceCv)
  6 gnolls
  8 adders
  2 naga simulacra
  A shadow imp (D:7)
  2 white imps
  An ufetubus (D:5)
  4 worms
  A dart slug (D:3)
  26 orcs
  6 ball pythons
  5 bats
  7 endoplasms
  A giant cockroach (D:3)
  4 hobgoblins
  6 jackals
  23 kobolds
  4 quokkas
  4 frilled lizards
  11 goblins
  2 rats
222 creatures vanquished.

Table legend:
 A = Non-vault XP
 B = Vault XP
 C = Vault XP percentage of total XP
 D = Non-vault monster count
 E = Vault monster count
 F = Vault count percentage of total count
                 A         B        C        D         E       F
            +---------+---------+-------+---------+---------+-------
      Total |   11363 |    4440 |  28.1 |     173 |      49 |  22.1
            +---------+---------+-------+---------+---------+-------
        D:1 |      30 |       0 |   0.0 |      17 |       0 |   0.0
        D:2 |      43 |      42 |  49.4 |      15 |       1 |   6.2
        D:3 |     180 |      24 |  11.8 |      16 |       2 |  11.1
        D:4 |     211 |       0 |   0.0 |      16 |       0 |   0.0
        D:5 |     363 |      36 |   9.0 |      13 |       1 |   7.1
        D:6 |     773 |     169 |  17.9 |      18 |       1 |   5.3
        D:7 |     347 |     395 |  53.2 |      10 |       1 |   9.1
        D:8 |    2604 |       0 |   0.0 |      15 |       0 |   0.0
        D:9 |    1379 |     882 |  39.0 |      20 |       5 |  20.0
       D:10 |    2058 |       0 |   0.0 |      14 |       0 |   0.0
       D:11 |    3185 |    1564 |  32.9 |      17 |      10 |  37.0
     Temple |     190 |       0 |   0.0 |       2 |       0 |   0.0
     Bailey |       0 |     948 | 100.0 |       0 |      24 | 100.0
      IceCv |       0 |     380 | 100.0 |       0 |       4 | 100.0
            +---------+---------+-------+---------+---------+-------

Illustrated notes

Table legend:
 A = Kills in this place as a percentage of kills in entire the game.
 B = Kills by you in this place as a percentage of kills by you in the entire game.
 C = Kills by friends in this place as a percentage of kills by friends in the entire game.
 D = Other kills in this place as a percentage of other kills in the entire game.
 E = Experience gained in this place as a percentage of experience gained in the entire game.
 F = Experience gained in this place divided by the number of levels of this place that you have seen.
                   A       B       C       D       E      F
               +-------+-------+-------+-------+-------+----------------------
         Total | 100.0 | 100.0 |   N/A |   N/A | 100.0 | 1128.8
       Dungeon |  86.5 |  86.5 |   N/A |   N/A |  90.4 | 1298.6
        Temple |   0.9 |   0.9 |   N/A |   N/A |   1.2 | 190.0
        Bailey |  10.8 |  10.8 |   N/A |   N/A |   6.0 | 948.0
      Ice Cave |   1.8 |   1.8 |   N/A |   N/A |   2.4 | 380.0
               +-------+-------+-------+-------+-------+----------------------

Table legend: (Time is in decaauts)
 A = Elapsed time spent in this place.
 B = Non-inter-level travel time spent in this place.
 C = Inter-level travel time spent in this place.
 D = Time resting spent in this place.
 E = Time spent auto-exploring this place.
 F = Levels seen in this place.
 G = Mean time per level.
                   A        B        C        D        E       F      G
               +--------+--------+--------+--------+--------+-----+--------+
         Total |   8011 |   7729 |    282 |   1591 |   4232 |  14 |  572.2 |
       Dungeon |   7207 |   6940 |    267 |   1274 |   4051 |  11 |  655.2 |
        Temple |    124 |    110 |     14 |     78 |     10 |   1 |  124.0 |
        Bailey |    566 |    566 |      0 |    184 |    164 |   1 |  566.0 |
      Ice Cave |    111 |    111 |      0 |     55 |      5 |   1 |  111.0 |
               +--------+--------+--------+--------+--------+-----+--------+

Top non-repeatable levels by time:
     D:9: 1039 daAuts
     D:3: 962 daAuts
     D:2: 939 daAuts
     D:7: 837 daAuts
     D:6: 643 daAuts
  Bailey: 566 daAuts
     D:1: 552 daAuts
    D:10: 529 daAuts
     D:8: 455 daAuts
     D:5: 439 daAuts
     D:4: 409 daAuts
    D:11: 397 daAuts
  Temple: 124 daAuts
   IceCv: 111 daAuts
